 Dungeon Crawl Stone Soup version 0.23-a0-814-g91b4073 (webtiles) character file.

6934 tilp the Spear-Bearer (level 11, -8/81 HPs)
             Began as a Merfolk Ice Elementalist on Jan 21, 2019.
             Was a Believer of Makhleb.
             Shot with an arrow by a centaur (10 damage)
             ... on level 11 of the Dungeon.
             The game lasted 00:45:22 (13914 turns).

tilp the Spear-Bearer (Merfolk Ice Elementalist)   Turns: 13914, Time: 00:45:23

Health: -8/81      AC:  8    Str: 13    XL:     11   Next: 7%
Magic:  3/20       EV: 15    Int: 17    God:    Makhleb [**....]
Gold:   431        SH:  0    Dex: 13    Spells: 8/22 levels left

rFire    . . .     SeeInvis .   a - +1 trident
rCold    + + +     Gourm    .   (no shield)
rNeg     + + +     Faith    .   I - +0 steam dragon scales
rPois    .         Spirit   .   (no helmet)
rElec    .         Reflect  .   (no cloak)
rCorr    .         Harm     .   d - +2 pair of gloves
MR       .....                  (no boots)
Stlth    ++........             (no amulet)
HPRegen  0.23/turn              g - ring of protection from fire
MPRegen  0.17/turn              E - ring of the Omega Point {Wiz rF- rC+++ rN+++ Dex-2}

@: no status effects
A: change form in water, swift swim, stealthy swim, cold resistance 1, strong 2,
MP-powered wands
a: Minor Destruction, Renounce Religion


You were on level 11 of the Dungeon.
You worshipped Makhleb.
Makhleb was pleased with you.
You were not hungry.

You visited 2 branches of the dungeon, and saw 13 of its levels.

You collected 431 gold pieces.

Inventory:

Hand Weapons
 a - a +1 trident (weapon)
 b - a +0 hunting sling
 r - a +3 morningstar of freezing
 C - a +0 glaive
 F - a cursed +2 halberd
Missiles
 e - 63 sling bullets
 j - 255 stones
 l - 9 tomahawks (quivered)
 y - 13 javelins
Armour
 d - a +2 pair of gloves (worn)
 p - a +1 leather armour
 I - +0 steam dragon scales (worn)
Jewellery
 f - an uncursed ring of positive energy
 g - a ring of protection from fire (left hand)
 u - an uncursed ring of stealth
 v - an uncursed ring of flight
 E - the ring of the Omega Point (right hand) {Wiz rF- rC+++ rN+++ Dex-2}
   (You found it on level 9 of the Dungeon)

   [ring of wizardry]

   It improves your spell success rate.
   It affects your dexterity (-2).
   It makes you vulnerable to fire.
   It renders you almost immune to cold.
   It renders you almost immune to negative energy.
Wands
 A - a wand of polymorph (4)
 B - a wand of disintegration (16)
Scrolls
 h - 4 scrolls of remove curse
 m - a scroll of amnesia {unknown}
 n - a scroll of magic mapping
 w - 4 scrolls of immolation
 D - a scroll of acquirement {unknown}
Potions
 q - 2 potions of flight
 z - 4 potions of brilliance
 H - a potion of lignification {unknown}
Comestibles
 c - 10 rations
 k - a chunk of flesh


   Skills:
 - Level 6.1 Fighting
 - Level 14.0 Polearms
 - Level 6.2 Dodging
 - Level 2.1 Stealth
 + Level 6.4 Spellcasting
 - Level 0.7 Conjurations
 - Level 10.0 Ice Magic


You had 8 spell levels left.
You knew the following spells:

 Your Spells              Type           Power        Failure   Level  Hunger
a - Freeze                Ice            ####         1%          1    None
b - Throw Frost           Conj/Ice       ###...       1%          2    None
c - Ozocubu's Armour      Chrm/Ice       ###.....     1%          3    ##.....
d - Throw Icicle          Conj/Ice       ###.....     6%          4    ####...
e - Summon Ice Beast      Ice/Summ       ###.....     6%          4    ####...

Your spell library contained the following spells:

 Spells                   Type           Power        Failure   Level  Hunger
 Confusing Touch          Hex            #.....       4%          1    None
 Confuse                  Hex            #.......     16%         3    ##.....
 Gell's Gravitas          Tloc           #.........   16%         3    ##.....
 Metabolic Englaciation   Hex/Ice        ###.......   17%         5    #####..
 Petrify                  Tmut/Erth      #.......     43%         4    ####...
 Yara's Violent Unravell  Hex/Tmut       #.........   77%         5    #####..


Dungeon Overview and Level Annotations

Branches:
Dungeon (12/15)            Temple (1/1) D:7            Lair (0/6) D:11
    Orc (0/2) D:9

Altars:
Ashenzari
Cheibriados
Dithmenos
Elyvilon
Fedhas
Hepliaklqana
Kikubaaqudgha
Makhleb
Nemelex Xobeh
Okawaru
Qazlal
Ru
Sif Muna
Trog
Vehumet
Wu Jian
Yredelemnul
The Shining One

Shops:
D:5 [   D:6 (   D:8 :

Annotations:
D:3 Sigmund
D:4 Grinder
D:7 exclusions: ogre, orc warrior and orc wizard, Joseph
D:9 exclusion: two-headed ogre
D:11 Grum


Innate Abilities, Weirdness & Mutations

You revert to your normal form in water You are very nimble and swift while swimming.
You are very stealthy in the water. (Stealth+)
Your flesh is cold resistant. (rC+)
Your muscles are very strong. (Str +4)
You expend magic power (3 MP) to strengthen your wands.


Message History

The centaur shouts!
Casting: Throw Frost (safe; 1% risk of failure)
Confirm with . or Enter, or press ? or * to list all spells.
Aiming: Throw Frost (safe; 1% risk of failure)
Press: ? - help, Shift-Dir - straight line, f/p - centaur
Aim: a centaur, wielding a +0 shortbow (heavily wounded)
The puff of frost hits the centaur but does no damage.
The centaur is heavily wounded.
You hear an angry growl.
Okay, then.
As you read the scroll labeled MEUBUX ZEOH, it crumbles to dust.
It is a scroll of enchant weapon.
Your +0 trident glows red for a moment.
The centaur shoots an arrow.
The arrow barely misses you.
It was a potion of cancellation.
Your magical effects are unravelling.
You feel magically purged.
You feel yourself slow down.
The centaur shoots an arrow.
The arrow hits you!
You die...

#####################
#...........D.....Y..
#..########..........
#..###### #..........
#....................
#....................
#.########...########
#Y########c... .
#(D.@...)cc... .
#.#######... #.#
#.####### #..........
#..........
#..........
#...........
#........c...


You could see an eight-headed hydra, a yak and 3 centaurs.

Vanquished Creatures
  Pikel (D:4)
  A troll (D:9)
  A hippogriff (D:10)
  5 humans (D:6)
  5 yaks (D:6)
  A wyvern (D:10)
  A steam dragon (D:11)
  4 hungry ghosts (D:8)
  2 water moccasins
  3 orc warriors
  2 ice beasts
  2 slaves (D:4)
  3 phantoms
  A necrophage (D:6)
  A sky beast (D:5)
  A wolf (D:11)
  4 centaurs
  3 bullfrogs
  3 scorpions
  7 wights
  3 howler monkeys
  A vampire bat (D:8)
  4 crimson imps
  2 jellies (D:9)
  A bullfrog zombie (D:9)
  3 hounds (D:5)
  3 centaur skeletons
  9 orc priests
  6 orc wizards
  A bullfrog skeleton (D:4)
  3 iguanas
  10 worker ants
  A killer bee zombie (D:5)
  A hound skeleton (D:7)
  12 gnolls
  2 howler monkey skeletons
  5 adders
  6 shadow imps
  2 oozes
  3 adder skeletons
  2 worms
  4 dart slugs
  3 leopard geckos
  33 orcs
  4 giant cockroaches
  12 goblins
  4 hobgoblins
  6 jackals
  8 kobolds
  A quokka (D:3)
  2 ball pythons
  A ball python zombie (D:5)
  14 bats
  3 frilled lizards
  A jackal skeleton (D:5)
  A leopard gecko zombie (D:5)
  A quokka skeleton (D:4)
  6 rats
235 creatures vanquished.

Vanquished Creatures (others)
  2 slaves (D:4)
  An adder (D:4)
  A leopard gecko (D:11)
  A jackal (D:4)
5 creatures vanquished.

Grand Total: 240 creatures vanquished

Notes
Turn   | Place    | Note
-------+----------+-------------------------------------------
     0 | D:1      | tilp the Merfolk Ice Elementalist began the quest for the
                  | Orb.
     0 | D:1      | Reached XP level 1. HP: 13/13 MP: 3/3
   477 | D:1      | Reached XP level 2. HP: 19/19 MP: 1/5
   524 | D:1      | Learned a level 2 spell: Throw Frost
  1148 | D:2      | Reached XP level 3. HP: 24/24 MP: 2/6
  1660 | D:2      | Reached skill level 5 in Ice Magic
  2031 | D:2      | Reached XP level 4. HP: 24/30 MP: 0/7
  2570 | D:2      | Reached XP level 5. HP: 26/35 MP: 2/8
  2749 | D:3      | Noticed Sigmund
  2965 | D:3      | Reached XP level 6. HP: 41/41 MP: 4/9
  3993 | D:4      | Noticed Grinder
  4146 | D:4      | Noticed a slave
  4168 | D:4      | Learned a level 3 spell: Ozocubu's Armour
  4192 | D:4      | Killed a slave
  4297 | D:4      | Noticed a slave
  4297 | D:4      | Noticed a slave
  4317 | D:4      | Killed a slave
  4523 | D:4      | Noticed Pikel
  4536 | D:4      | Killed Pikel
  4536 | D:4      | Reached XP level 7. HP: 39/46 MP: 0/10
  4673 | D:4      | Reached XP level 8. HP: 53/53 MP: 1/11
  4683 | D:4      | Reached skill level 1 in Fighting
  4683 | D:4      | Reached skill level 10 in Ice Magic
  4884 | D:4      | Found a shattered altar of Ashenzari.
  5637 | D:5      | Entered Level 5 of the Dungeon
  5758 | D:5      | Reached skill level 5 in Dodging
  5840 | D:5      | Found a hazy altar of Hepliaklqana.
  5980 | D:5      | Found Plog's Antique Armour Shop.
  6061 | D:5      | Found a glowing golden altar of the Shining One.
  6253 | D:5      | Noticed an angel
  6259 | D:5      | Found a basalt altar of Yredelemnul.
  6261 | D:5      | Noticed a profane servitor
  6582 | D:5      | HP: 1/60 [ice beast (7)]
  6584 | D:5      | Gained mutation: You expend magic power (3 MP) to
                  | strengthen your wands. [potion of mutation]
  6584 | D:5      | Gained mutation: Your muscles are strong. (Str +2) [potion
                  | of mutation]
  6584 | D:5      | Gained mutation: Your flesh is cold resistant. (rC+)
                  | [potion of mutation]
  6584 | D:5      | Gained mutation: Your muscles are very strong. (Str +4)
                  | [potion of mutation]
  7247 | D:5      | Reached skill level 5 in Fighting
  7451 | D:6      | Reached XP level 9. HP: 62/69 MP: 0/12
  7558 | D:6      | Reached skill level 1 in Polearms
  7647 | D:6      | Found Irimiyt's Weapon Shop.
  7665 | D:6      | Reached skill level 3 in Polearms
  7677 | D:6      | Reached skill level 4 in Polearms
  7967 | D:6      | Reached skill level 5 in Polearms
  8136 | D:6      | Reached skill level 6 in Polearms
  8149 | D:6      | Reached skill level 7 in Polearms
  8167 | D:6      | Reached skill level 8 in Polearms
  8553 | D:6      | Reached skill level 9 in Polearms
  8629 | D:6      | Reached skill level 10 in Polearms
  8713 | D:6      | Reached skill level 11 in Polearms
  8713 | D:6      | Reached XP level 10. HP: 62/76 MP: 0/13
  9324 | D:6      | Reached skill level 12 in Polearms
  9599 | D:6      | Found an iron altar of Okawaru.
  9927 | D:7      | Found a staircase to the Ecumenical Temple.
  9934 | Temple   | Entered the Ecumenical Temple
  9993 | Temple   | Became a worshipper of Makhleb the Destroyer
 10073 | D:7      | Noticed Joseph
 10965 | D:8      | Reached * piety under Makhleb
 10981 | D:8      | Reached skill level 13 in Polearms
 11310 | D:8      | Found an ornate altar of the Wu Jian Council.
 11407 | D:8      | Learned a level 4 spell: Throw Icicle
 11843 | D:8      | Found Tuifod's Book Shoppe.
 12074 | D:9      | Reached skill level 14 in Polearms
 12087 | D:9      | Found a white marble altar of Elyvilon.
 12099 | D:9      | Noticed a two-headed ogre
 12153 | D:9      | Found a staircase to the Orcish Mines.
 12648 | D:9      | Got a bound ivory ring
 12678 | D:9      | Reached ** piety under Makhleb
 12902 | D:9      | Reached skill level 5 in Spellcasting
 13067 | D:9      | Identified the ring of the Omega Point {Wiz rF- rC+++ rN+++
                  | Dex-2} (You found it on level 9 of the Dungeon)
 13407 | D:10     | Entered Level 10 of the Dungeon
 13465 | D:10     | Reached XP level 11. HP: 60/81 MP: 6/19
 13670 | D:10     | Learned a level 4 spell: Summon Ice Beast
 13757 | D:10     | You fall through a shaft for 2 floors!
 13796 | D:11     | Noticed an eight-headed hydra
 13822 | D:11     | Noticed Grum
 13823 | D:11     | Found a staircase to the Lair.
 13824 | D:11     | Noticed a cyclops
 13897 | D:11     | HP: 4/81 [wolf[Grum] (7)]
 13907 | D:11     | HP: 3/81 [centaur/arrow (3)]
 13911 | D:11     | HP: 1/81 [centaur/arrow (4)]
 13914 | D:11     | Shot with an arrow by a centaur

Vault maps used:
D:1:      dpeg_arrival_shelter
D:2:      minmay_close_crescents
D:3:      serial_aquarium, aquarium_bridge_long_joined, aquarium_window_1,
          aquarium_window_1, aquarium_window_corner, aquarium_window_fake,
          aquarium_view_2d, aquarium_pool_1, grunt_ministairs_15, uniq_sigmund
D:4:      hangedman_decor_riveting, kennysheep_doodads,
          minmay_stone_trees_large, nicolae_ashenzari_panopticon, uniq_grinder,
          uniq_pikel
D:5:      grunt_temple_overflow_holy_war, nicolae_overflow_crystal_walls,
          first_ration, serial_shops, nicolae_shop_waterfront,
          ebering_dispersal_statue_hall, kennysheep_big_empty_room
D:6:      basic_altar, serial_shops, shop, minmay_ruffians
D:7:      temple_fountains, minmay_misc_feat_diagonals, uniq_joseph
D:8:      kennysheep_little_box, serial_shops, shop, minmay_misc_feat_rugged,
          roderic_batcave
D:9:      lemuel_doored_altar, erik_orc_4
D:10:     gammafunk_ghost_necromancy, uniq_josephine
D:11:     david_lair_generic, blue_anna_alchemist, uniq_grum
Temple:   minmay_crystal_spiral_temple

Skill      XL: |  1  2  3  4  5  6  7  8  9 10 11 |
---------------+----------------------------------+-----
Ice Magic      | 4 5 6 7 9 10 | 10.0
Dodging        | 3 6 |  6.2
Fighting       | 6 |  6.1
Polearms       | 11 14 | 14.0
Spellcasting   | 5 6 |  6.4
Stealth        | |  2.1
Conjurations   | |  0.7

Action                   |  1- 3 |  4- 6 |  7- 9 | 10-12 || total
-------------------------+-------+-------+-------+-------++-------
Melee: Dagger            |    12 |    33 |   187 |       ||   232
       Trident           |       |       |   164 |   395 ||   559
Throw: Tomahawk          |     1 |     3 |    22 |    18 ||    44
       Stone             |       |       |     3 |       ||     3
 Cast: Freeze            |    52 |    82 |   117 |   117 ||   368
       Ozocubu's Armour  |       |     3 |    18 |    27 ||    48
       Throw Frost       |       |       |     5 |     8 ||    13
Evoke: Wand              |       |       |       |     1 ||     1
  Use: Scroll            |       |     6 |     4 |     9 ||    19
       Potion            |       |       |     4 |     2 ||     6
 Stab: Sleeping          |     5 |     2 |     5 |     8 ||    20
       Distracted        |       |     2 |       |     1 ||     3
  Eat: Chunk             |     4 |     9 |    13 |    17 ||    43
       Ration            |       |       |     2 |     4 ||     6
Armor: Robe              |     9 |       |       |       ||     9
       Leather armour    |     1 |    21 |   151 |   102 ||   275
       Steam dragon scal |       |       |       |     4 ||     4
Dodge: Dodged            |    26 |    51 |   301 |   233 ||   611

Table legend:
 A = Non-vault XP
 B = Vault XP
 C = Vault XP percentage of total XP
 D = Non-vault monster count
 E = Vault monster count
 F = Vault count percentage of total count
                 A         B        C        D         E       F
            +---------+---------+-------+---------+---------+-------
      Total |    7464 |    2442 |  24.7 |     194 |      39 |  16.7
            +---------+---------+-------+---------+---------+-------
        D:1 |      30 |       0 |   0.0 |      13 |       0 |   0.0
        D:2 |     132 |       5 |   3.6 |      24 |       3 |  11.1
        D:3 |     151 |      88 |  36.8 |      21 |       5 |  19.2
        D:4 |     324 |     697 |  68.3 |      22 |       1 |   4.3
        D:5 |     782 |       0 |   0.0 |      27 |       0 |   0.0
        D:6 |    2170 |     988 |  31.3 |      30 |       5 |  14.3
        D:7 |     235 |       0 |   0.0 |      11 |       0 |   0.0
        D:8 |    1629 |      63 |   3.7 |      25 |       8 |  24.2
        D:9 |    1123 |     485 |  30.2 |      15 |      16 |  51.6
       D:10 |     589 |       0 |   0.0 |       4 |       0 |   0.0
       D:11 |     299 |     116 |  28.0 |       2 |       1 |  33.3
            +---------+---------+-------+---------+---------+-------
